 Dungeon Crawl Stone Soup version 0.31-a0-18-gea43df2a32 (webtiles) character file.

Game seed: 5481329536452264782

4 BlueFish the Sneak (level 1, 0/19 HPs)
             Began as a Draconian Delver on May 13, 2023.
             Succumbed to an adder's poison
             ... on level 2 of the Dungeon.
             The game lasted 00:00:34 (112 turns).

BlueFish the Sneak (Draconian Delver)                Turns: 112, Time: 00:00:35

Health: 0/19       AC:  4    Str: 14    XL:     1   Next: 50%
Magic:  1/1        EV: 12    Int: 10    God:
Gold:   7          SH:  0    Dex: 12    Spells: 0/0 levels left

rFire   . . .        a - +0 short sword
rCold   . . .        (no shield)
rNeg    . . .        (body armour unavailable)
rPois   .            (helmet restricted)
rElec   .            (no cloak)
rCorr   .            (no gloves)
SInv    .            (no boots)
Will    .....        (no amulet)
Stlth   +++          (no ring)
HPRegen 0.23/turn    (no ring)
MPRegen 0.07/turn

%: no passive effects
@: lethally poisoned (0 -> -3), hasted, very quick
A: AC +4, unfitting armour, cold-blooded
a: no special abilities


You were on level 2 of the Dungeon.
You visited 1 branch of the dungeon, and saw 4 of its levels.

You collected 7 gold pieces.

Inventory:

Hand Weapons
 a - a +0 short sword (weapon)
Wands
 f - a wand of digging (3)
 g - a wand of flame (16)
Scrolls
 b - a scroll of fog
 c - a scroll of magic mapping
 d - a scroll of fear
 h - a scroll of identify {unknown}
 i - a scroll of noise {unknown}


   Skills:
 + Level 3.3 Fighting
 + Level 2.1 Short Blades
 + Level 1.8 Dodging
 + Level 4.5 Stealth


You couldn't memorise any spells.
You didn't know any spells.
Your spell library was empty.

Dungeon Overview and Level Annotations

Branches:
Dungeon (5/15)
 Temple: D:4-7

Altars:


Innate Abilities, Weirdness & Mutations

Your plain brown scales are hard. (AC +4)
You cannot fit into any form of body armour.
You are cold-blooded and may be slowed by cold attacks.


Message History

You barely miss the adder.
Your tail-slap misses the adder.
The adder barely misses you.
You barely miss the adder. The adder bites you but does no damage.
You hit the adder but do no damage. The adder bites you but does no damage.
You barely miss the adder. The adder misses you.
You hit the adder.
The adder is lightly wounded.
The adder bites you.
You closely miss the adder.
The adder is lightly wounded.
The adder barely misses you. The adder bites you.
You are poisoned.
The adder poisons you!
You miss the adder.
Your tail-slap misses the adder.
The adder is lightly wounded.
You feel sick. The adder closely misses you.
You closely miss the adder.
The adder is lightly wounded.
The adder barely misses you.
You hit the adder.
The adder is heavily wounded.
You feel sick. The adder bites you.
You barely miss the adder.
Your tail-slap misses the adder.
The adder is heavily wounded.
You feel sick. The adder misses you.
You barely miss the adder.
The adder is heavily wounded.
You feel sick. The adder bites you.
* * * LOW HITPOINT WARNING * * *
You are lethally poisoned!
The adder poisons you!
You feel yourself speed up.
* * * LOW HITPOINT WARNING * * *
You feel sick. The adder barely misses you.
The adder bites you but does no damage.
* * * LOW HITPOINT WARNING * * *
You feel sick.
* * * LOW HITPOINT WARNING * * *
You feel sick.
You die...

.. #. #. ##.### #....#
#....# #....# #..@.#
##+## #....# #...#
###....###...#########
........S..............
####.....###.#.........
#.....# #.###....###
#.....# #S###....# #
#.....# #.......## #
#.....# #.......# #


You could see an adder.

Vanquished Creatures
  2 endoplasms
  A kobold (D:2)
3 creatures vanquished.

Notes
Turn   | Place    | Note
-------+----------+-------------------------------------------
     0 | D:5      | BlueFish the Draconian Delver began the quest for the Orb.
     0 | D:5      | Reached XP level 1. HP: 19/19 MP: 1/1
   112 | D:2      | Succumbed to an adder's poison

Illustrated notes

Levels and vault maps discovered:
D:2:      layout_basic, grunt_ministairs_14
D:3:      layout_rooms
D:4:      layout_cave_pools, uniq_ijyb, uniq_eustachio
D:5:      layout_rooms, minmay_temple_entry_drinking_statues,
          grunt_decor_one_mirror, uniq_blork_the_orc

Action                     || total
---------------------------++-------
  Melee: Short sword       ||    21
    Use: Potion            ||     1
   Stab: Sleeping          ||     2
 Armour: Skin              ||     5
  Dodge: Dodged            ||    11

Table legend: (Time is in decaauts)
 A = Elapsed time spent in this place.
 B = Non-inter-level travel time spent in this place.
 C = Inter-level travel time spent in this place.
 D = Time resting spent in this place.
 E = Time spent auto-exploring this place.
 F = Levels seen in this place.
 G = Mean time per level.
                   A        B        C        D        E       F      G
               +--------+--------+--------+--------+--------+-----+--------+
         Total |    111 |    111 |      0 |     16 |      0 |   4 |   27.8 |
       Dungeon |    111 |    111 |      0 |     16 |      0 |   4 |   27.8 |
               +--------+--------+--------+--------+--------+-----+--------+

Top non-repeatable levels by time:
     D:2: 49 daAuts
     D:3: 36 daAuts
     D:5: 17 daAuts
     D:4: 8 daAuts
